 Dungeon Sprint DCSS version 0.19.0-2-gae57169 (webtiles) character file.

1437 LORDOFBUTT the Imperceptible (level 8, -18/37 HPs)
             Began as a Spriggan Assassin on Nov 3, 2016.
             Was a Follower of Dithmenos.
             Demolished by a sun demon (27 damage)
             ... summoned by a kobold demonologist
             ... while paralysed by a floating eye
             ... in the Dungeon (Sprint I: "Red Sonja").
             The game lasted 00:01:50 (287 turns).

LORDOFBUTT the Imperceptible (Spriggan Assassin)     Turns: 287, Time: 00:01:51

Health: -18/37     AC:  3    Str:  7    XL:     8   Next: 45%
Magic:  9/9        EV:  4    Int: 12    God:    Dithmenos [*.....]
Gold:   513        SH:  0    Dex: 20    Spells: 0 memorised, 7 levels left

rFire  . . .     SeeInvis +     a - +2 dagger
rCold  . . .     Gourm    .     c - +0 robe
rNeg   . . .     Faith    .     (shield restricted)
rPois  .         Spirit   .     (helmet restricted)
rElec  .         Reflect  .     d - +0 cloak
rCorr  .         Harm     .     (gloves unavailable)
MR     +....     NoTele   +     (boots unavailable)
Stlth  ++++++++++               (no amulet)
                                (no ring)
                                (no ring)

@: paralysed, wreathed by umbra, very quick
A: unfitting armour, see invisible, herbivore 3, speed 3, slow metabolism 2
a: Renounce Religion


You were in the Dungeon.
You worshipped Dithmenos.
Dithmenos was aware of your devotion.
You were not hungry.

You visited 1 branch You collected 513 gold pieces.

Inventory:

Hand Weapons
 a - a +2 dagger (weapon)
 o - a +4 blowgun
Missiles
 e - 8 poisoned needles
 f - 5 curare-tipped needles
Armour
 c - a +0 robe (worn)
 d - a +0 cloak (worn)
Scrolls
 m - a scroll of blinking
Potions
 h - 2 potions of curing
 i - a potion of heal wounds
 j - a potion of haste
 k - 2 potions of magic
 l - a potion of berserk rage
 n - a potion of degeneration {unknown}
Comestibles
 g - a bread ration


   Skills:
 - Level 1.5 Fighting
 - Level 2.1 Short Blades
 - Level 2.0 Throwing
 - Level 1.5 Dodging
 + Level 25.2 Stealth


You had 7 spell levels left.
You didn't know any spells.

Dungeon Overview and Level Annotations

Branches:
Dungeon (1/1)

Altars:
Cheibriados
Dithmenos
Elyvilon
Fedhas
Gozag
Hepliaklqana
Kikubaaqudgha
Makhleb
Nemelex Xobeh
Okawaru
Qazlal
Ru
Sif Muna
Trog
Uskayaw
Vehumet
Xom
Yredelemnul
Zin
The Shining One
Jiyva
Lugonu

Shops:
D ?


Innate Abilities, Weirdness & Mutations

You are very small and have problems with some larger weapons.
You are too small for most types of armour.
You have supernaturally acute eyesight. (SInv)
You are a herbivore.
You cover ground extremely quickly.
You need consume almost no food.


Message History

You closely miss the kobold demonologist.
The kobold demonologist is lightly wounded.
The kobold demonologist mumbles some strange words.
You hit the kobold demonologist.
The kobold demonologist is moderately wounded.
The kobold demonologist hits you but does no damage.
You hit the kobold demonologist.
The kobold demonologist is moderately wounded.
The floating eye seems to glare at you. The sun demon hits you!
You are engulfed in flames!
* * * LOW HITPOINT WARNING * * *
You hit the kobold demonologist.
The kobold demonologist is moderately wounded.
The floating eye gazes piercingly through you!
You suddenly lose the ability to move!
The sun demon completely misses you.
The kobold demonologist hits you with a dagger.
* * * LOW HITPOINT WARNING * * *
The sun demon hits you!!
Ouch! That really hurt!
You die...

####################
'..#.)'..#__#..'.K.#
#..'..#..'..'..#@G.#
##'#####'#__####)3.+
#..#...#.#### #####
####..##[#
___##'#..+
∩..†'..._#
.__##_.#'#
___###'#)#
######.###


You could see a sun demon, a kobold demonologist and a floating eye.

Vanquished Creatures
  Sonja (D)
  A kobold demonologist (D)
  A slime creature (D)
  Sigmund (D)
  A yak (D)
  An ogre (D)
  A jelly (D)
  Ijyb (D)
8 creatures vanquished.

Notes
Turn   | Place    | Note
-------+----------+-------------------------------------------
     0 | D        | LORDOFBUTT the Spriggan Assassin began the quest for the Orb.
     0 | D        | Reached XP level 1. HP: 10/10 MP: 2/2
     1 | D        | Noticed Ijyb
    28 | D        | Killed Ijyb
    28 | D        | Reached skill level 10 in Stealth
    28 | D        | Reached XP level 2. HP: 10/14 MP: 3/3
    36 | D        | Noticed an ogre
   124 | D        | Killed an ogre
   124 | D        | Reached skill level 14 in Stealth
   124 | D        | Reached XP level 3. HP: 18/18 MP: 4/4
   124 | D        | Reached XP level 4. HP: 22/22 MP: 5/5
   139 | D        | Noticed Sigmund
   142 | D        | Killed Sigmund
   142 | D        | Reached skill level 18 in Stealth
   142 | D        | Reached XP level 5. HP: 25/25 MP: 6/6
   142 | D        | Reached XP level 6. HP: 30/30 MP: 7/7
   156 | D        | Found a deep blue altar of Sif Muna.
   158 | D        | Found a radiant altar of Vehumet.
   165 | D        | Found Cuaj's Magic Scroll Emporium.
   165 | D        | Found an ancient bone altar of Kikubaaqudgha.
   165 | D        | Found a hazy altar of Hepliaklqana.
   165 | D        | Found a stormy altar of Qazlal.
   165 | D        | Found a hide-covered altar of Uskayaw.
   165 | D        | Found a blossoming altar of Fedhas.
   165 | D        | Found a bloodstained altar of Trog.
   165 | D        | Found an iron altar of Okawaru.
   165 | D        | Found a basalt altar of Yredelemnul.
   165 | D        | Found a glowing golden altar of the Shining One.
   165 | D        | Found a snail-covered altar of Cheibriados.
   165 | D        | Found a sacrificial altar of Ru.
   165 | D        | Found a glowing silver altar of Zin.
   165 | D        | Found a shadowy altar of Dithmenos.
   165 | D        | Found a white marble altar of Elyvilon.
   165 | D        | Noticed a yak
   166 | D        | Found an opulent altar of Gozag.
   167 | D        | Killed a yak
   167 | D        | Reached skill level 20 in Stealth
   185 | D        | Found a sparkling altar of Nemelex Xobeh.
   191 | D        | Became a worshipper of Dithmenos the Shadowed
   205 | D        | Found a viscous altar of Jiyva.
   205 | D        | Found a corrupted altar of Lugonu.
   205 | D        | Noticed a slime creature
   206 | D        | Found a burning altar of Makhleb.
   206 | D        | Found a shimmering altar of Xom.
   208 | D        | Killed a slime creature
   208 | D        | Reached skill level 21 in Stealth
   208 | D        | Reached XP level 7. HP: 33/33 MP: 8/8
   223 | D        | Noticed Sonja
   227 | D        | Killed Sonja
   227 | D        | Reached skill level 24 in Stealth
   227 | D        | Reached XP level 8. HP: 37/37 MP: 9/9
   271 | D        | Noticed a kobold demonologist
   272 | D        | Noticed a kobold demonologist
   275 | D        | Killed a kobold demonologist
   275 | D        | Reached * piety under Dithmenos
   275 | D        | Reached skill level 25 in Stealth
   278 | D        | Paralysed by a floating eye for 2 turns
   284 | D        | Noticed a sun demon
   286 | D        | Paralysed by a floating eye for 4 turns
   287 | D        | Demolished by a sun demon

Skill      XL: |  1  2  3  4  5  6  7  8 |
---------------+-------------------------+-----
Stealth        | 10 14 18 21 24 25 | 25.2
Fighting       | |  1.5
Short Blades   | |  2.1
Throwing       | |  2.0
Dodging        | |  1.5

Action                   |  1- 3 |  4- 6 |  7- 9 || total
-------------------------+-------+-------+-------++-------
Melee: Dagger            |    30 |     4 |     6 ||    40
 Fire: Blowgun           |     3 |       |     3 ||     6
 Stab: Sleeping          |       |     4 |     2 ||     6
Armor: Robe              |     2 |       |     2 ||     4
Dodge: Dodged            |    14 |       |     2 ||    16
